CAL (WIN)
DAYTONA TORTUGAS @ POTOMAC NATIONALS
12/13/2045
 
TOP OF THE 1ST
Daytona Tortugas batting - Pitching for Potomac Nationals : LHP Manny Ruiz
Pitching: LHP Manny Ruiz
Batting: RHB Ryan Short 0-0: Called Strike
0-1: SINGLE (Groundball, 6MD, EV 96.9 MPH)
Batting: LHB Leo Gomez 0-0: Called Strike
Ryan Short steals 2nd base
0-1: Ground out 1-3 (Groundball, 13S, EV 66.9 MPH)
Ryan Short to third
Batting: RHB Dusty Pollert 0-0: Called Strike
0-1: Swinging Strike
0-2: Ground out 3-1 (Groundball, 34, EV 87.5 MPH)
Ryan Short scores
Batting: LHB Keith Egan 0-0: TRIPLE (Line Drive, 78XD, EV 104.4 MPH)
Batting: LHB Matthew Berry 0-0: Called Strike
0-1: Ball
1-1: Foul Ball, location: 2F
1-2: Ball
2-2: Ground out 6-3 (Groundball, 6, EV 78.1 MPH)
Top of the 1st over - 1 run, 2 hits, 0 errors, 1 left on base; Daytona 1 - Potomac 0
BOTTOM OF THE 1ST
Potomac Nationals batting - Pitching for Daytona Tortugas : RHP Justin Ezzell
Pitching: RHP Justin Ezzell
Batting: RHB John Savard 0-0: SINGLE (Line Drive, 8LS, EV 88.1 MPH)
Batting: RHB Gabe Almazan 0-0: Called Strike
John Savard steals 2nd base
0-1: Foul Ball, location: 2F
0-2: Ball
1-2: Foul Ball, location: 2F
1-2: Ground out 6-3 (Groundball, 6, EV 81.9 MPH)
John Savard to third
Batting: LHB Kyung-jin Cho 0-0: Ball
1-0: Foul Ball, location: 2F
1-1: Swinging Strike
1-2: Strikes out swinging
Batting: RHB Nick Moreno 0-0: Ball
1-0: Called Strike
1-1: Ball
2-1: Foul Ball, location: 2F
2-2: Strikes out swinging
Bottom of the 1st over - 0 runs, 1 hit, 0 errors, 1 left on base; Daytona 1 - Potomac 0
TOP OF THE 2ND
Daytona Tortugas batting - Pitching for Potomac Nationals : LHP Manny Ruiz
Batting: RHB Matt Silva 0-0: Called Strike
0-1: Swinging Strike
0-2: Foul Ball, location: 2F
0-2: Ball
1-2: Strikes out swinging
Batting: LHB Fernando Gomez 0-0: Ball
1-0: Swinging Strike
1-1: Swinging Strike
1-2: Strikes out swinging
Batting: RHB Tim Walter 0-0: Ball
1-0: Ball
2-0: SINGLE (Groundball, 6MS, EV 71.2 MPH) (infield hit)
Batting: RHB Bill Hainey 0-0: Swinging Strike
0-1: Foul Ball, location: 2F
0-2: Strikes out swinging
Top of the 2nd over - 0 runs, 1 hit, 0 errors, 1 left on base; Daytona 1 - Potomac 0
BOTTOM OF THE 2ND
Potomac Nationals batting - Pitching for Daytona Tortugas : RHP Justin Ezzell
Batting: RHB Naofumi Ishida 0-0: Swinging Strike
0-1: Called Strike
0-2: Ground out 4-3 (Groundball, 4MD, EV 85.0 MPH)
Batting: SHB Curtis DeLille 0-0: Called Strike
0-1: Ball
1-1: Foul Ball, location: 2F
1-2: Foul Ball, location: 2F
1-2: Foul Ball, location: 2F
1-2: Ball
2-2: Foul Ball, location: 2F
2-2: Foul Ball, location: 2F
2-2: Ball
3-2: SINGLE (Groundball, 4D, EV 93.8 MPH)
Batting: RHB Marcus Dawson 0-0: Ball
1-0: Ball
2-0: Ball
3-0: Base on Balls
Curtis DeLille to second
Batting: RHB Bobby Bricker 0-0: Ball
1-0: Foul Ball, location: 2F
1-1: Ball
2-1: SINGLE (Line Drive, 56D, EV 103.1 MPH)
Curtis DeLille to third
Marcus Dawson to second
Batting: RHB Antonio Morado 0-0: Ball
1-0: Foul Ball, location: 2F
1-1: Ball
2-1: Swinging Strike
2-2: Ball
3-2: SINGLE (Groundball, 6MS, EV 67.5 MPH) (infield hit)
Curtis DeLille scores
Marcus Dawson to third
Bobby Bricker to second
Batting: RHB John Savard 0-0: Ball
1-0: Called Strike
1-1: Ball
2-1: Called Strike
2-2: Strikes out looking
Batting: RHB Gabe Almazan 0-0: Ball
1-0: Ball
2-0: Fly out, F9 (Flyball, 9, EV 84.4 MPH)
Bottom of the 2nd over - 1 run, 3 hits, 0 errors, 3 left on base; Daytona 1 - Potomac 1
TOP OF THE 3RD
Daytona Tortugas batting - Pitching for Potomac Nationals : LHP Manny Ruiz
Batting: RHB Ryan Short 0-0: Foul Ball, location: 2F
0-1: DOUBLE (Line Drive, 78XD, EV 102.5 MPH)
Batting: LHB Leo Gomez 0-0: Ground out 5-3 (Groundball, 56, EV 103.1 MPH)
Batting: RHB Dusty Pollert 0-0: Called Strike
0-1: Foul Ball, location: 2F
0-2: Fly out, F5 (Line Drive, 5L, EV 69.4 MPH)
Batting: LHB Keith Egan 0-0: Called Strike
0-1: Ball
1-1: Ball
2-1: Swinging Strike
2-2: Foul Ball, location: 2F
2-2: SINGLE (Line Drive, 7S, EV 95.6 MPH)
Ryan Short to third
Runner from 3rd tries for Home, SAFE, throw by LF to home
Batting: LHB Matthew Berry 0-0: Called Strike
Keith Egan steals 2nd base
0-1: Called Strike
0-2: Fly out, F9 (Flyball, 9S, EV 76.2 MPH)
Top of the 3rd over - 1 run, 2 hits, 0 errors, 1 left on base; Daytona 2 - Potomac 1
BOTTOM OF THE 3RD
Potomac Nationals batting - Pitching for Daytona Tortugas : RHP Justin Ezzell
Batting: LHB Kyung-jin Cho 0-0: Ground out 4-3 (Groundball, 4, EV 86.9 MPH)
Batting: RHB Nick Moreno 0-0: Called Strike
0-1: Ball
1-1: Ground out 6-3 (Groundball, 6, EV 87.5 MPH)
Batting: RHB Naofumi Ishida 0-0: Ball
1-0: Called Strike
1-1: Foul Ball, location: 2F
1-2: SINGLE (Groundball, 25, EV 68.1 MPH) (infield hit)
Batting: SHB Curtis DeLille 0-0: Ball
Naofumi Ishida is caught stealing 2nd base 2-6
Bottom of the 3rd over - 0 runs, 1 hit, 0 errors, 0 left on base; Daytona 2 - Potomac 1
TOP OF THE 4TH
Daytona Tortugas batting - Pitching for Potomac Nationals : LHP Manny Ruiz
Batting: RHB Matt Silva 0-0: Called Strike
0-1: SINGLE (Groundball, 34D, EV 104.4 MPH) (infield hit)
Batting: LHB Fernando Gomez 0-0: Fielders Choice at 2nd, 5-4 (Groundball, 56, EV 85.0 MPH)
Batting: RHB Tim Walter 0-0: Ball
1-0: Grounds into double play, 6-4-3 (Groundball, 6, EV 92.5 MPH)
Top of the 4th over - 0 runs, 1 hit, 0 errors, 0 left on base; Daytona 2 - Potomac 1
BOTTOM OF THE 4TH
Potomac Nationals batting - Pitching for Daytona Tortugas : RHP Justin Ezzell
Batting: SHB Curtis DeLille 0-0: Ball
1-0: Foul Ball, location: 2F
1-1: Swinging Strike
1-2: Strikes out looking
Batting: RHB Marcus Dawson 0-0: Called Strike
0-1: Ground out U3 (Groundball, 3S, EV 91.2 MPH)
Batting: RHB Bobby Bricker 0-0: Called Strike
0-1: Foul Ball, location: 2F
0-2: Strikes out looking
Bottom of the 4th over - 0 runs, 0 hits, 0 errors, 0 left on base; Daytona 2 - Potomac 1
TOP OF THE 5TH
Daytona Tortugas batting - Pitching for Potomac Nationals : LHP Manny Ruiz
Batting: RHB Bill Hainey 0-0: Called Strike
0-1: Ball
1-1: Ground out 5-3 (Groundball, 5, EV 78.8 MPH)
Batting: RHB Ryan Short 0-0: Ball
1-0: Called Strike
1-1: Ground out 5-3 (Groundball, 56, EV 108.8 MPH)
Batting: LHB Leo Gomez 0-0: Ball
1-0: Ground out 2-3 (Groundball, 13S, EV 68.1 MPH)
Top of the 5th over - 0 runs, 0 hits, 0 errors, 0 left on base; Daytona 2 - Potomac 1
BOTTOM OF THE 5TH
Potomac Nationals batting - Pitching for Daytona Tortugas : RHP Justin Ezzell
Batting: RHB Antonio Morado 0-0: Foul Ball, location: 2F
0-1: Ball
1-1: Swinging Strike
1-2: Ball
2-2: Foul Ball, location: 2F
2-2: Strikes out swinging
Batting: RHB John Savard 0-0: Ball
1-0: Fly out, F9 (Line Drive, 9, EV 97.5 MPH)
Batting: RHB Gabe Almazan 0-0: Ball
1-0: Ground out 1-3 (Groundball, 15S, EV 61.9 MPH)
Bottom of the 5th over - 0 runs, 0 hits, 0 errors, 0 left on base; Daytona 2 - Potomac 1
TOP OF THE 6TH
Daytona Tortugas batting - Pitching for Potomac Nationals : LHP Manny Ruiz
Batting: RHB Dusty Pollert 0-0: DOUBLE (Line Drive, 9LM, EV 109.4 MPH)
Batting: LHB Keith Egan 0-0: Fly out, F7 (Flyball, 7D, EV 93.8 MPH)
Runner from 2nd tags up, OUT at 3rd! 7-5
Batting: LHB Matthew Berry 0-0: Called Strike
0-1: Ball
1-1: Ground out 4-3 (Groundball, 4S, EV 69.4 MPH)
Top of the 6th over - 0 runs, 1 hit, 0 errors, 0 left on base; Daytona 2 - Potomac 1
BOTTOM OF THE 6TH
Potomac Nationals batting - Pitching for Daytona Tortugas : RHP Justin Ezzell
Batting: LHB Kyung-jin Cho 0-0: Swinging Strike
0-1: Ball
1-1: Ball
2-1: Foul Ball, location: 2F
2-2: Ball
3-2: Foul Ball, location: 2F
3-2: Fly out, F8 (Line Drive, 8RM, EV 89.4 MPH)
Pitching: RHP Joe Green
Batting: RHB Nick Moreno 0-0: Ball
1-0: Called Strike
1-1: SINGLE (Groundball, 6MD, EV 96.9 MPH)
Batting: RHB Naofumi Ishida 0-0: Foul Ball, location: 2F
0-1: Foul Ball, location: 2F
0-2: Foul Ball, location: 2F
0-2: Grounds into double play, 4-6-3 (Groundball, 4, EV 103.1 MPH)
Bottom of the 6th over - 0 runs, 1 hit, 0 errors, 0 left on base; Daytona 2 - Potomac 1
TOP OF THE 7TH
Daytona Tortugas batting - Pitching for Potomac Nationals : LHP Manny Ruiz
Batting: RHB Matt Silva 0-0: Swinging Strike
0-1: SINGLE (Groundball, 6MD, EV 101.9 MPH)
Batting: LHB Fernando Gomez 0-0: Foul Ball, location: 2F
0-1: Ball
1-1: Fielders Choice at 2nd, 4-6 (Groundball, 4, EV 76.2 MPH)
Batting: RHB Tim Walter 0-0: Called Strike
0-1: Called Strike
Fernando Gomez steals 2nd base
0-2: Strikes out swinging
Batting: RHB Bill Hainey 0-0: Ball
1-0: Ball
2-0: Ground out 3-1 (Groundball, 34, EV 103.8 MPH)
Top of the 7th over - 0 runs, 1 hit, 0 errors, 1 left on base; Daytona 2 - Potomac 1
BOTTOM OF THE 7TH
Potomac Nationals batting - Pitching for Daytona Tortugas : RHP Joe Green
Now at 2B: Yasusaburo Kuwahara
Now at SS: Ryan Short
Batting: SHB Curtis DeLille 0-0: Ball
1-0: Ball
2-0: Called Strike
2-1: Foul Ball, location: 2F
2-2: Ball
3-2: Foul Ball, location: 2F
3-2: Foul Ball, location: 2F
3-2: Fly out, F8 (Line Drive, 8LD, EV 103.8 MPH)
Batting: RHB Marcus Dawson 0-0: Swinging Strike
0-1: Foul Ball, location: 2F
0-2: Foul Ball, location: 2F
0-2: Ball
1-2: Foul Ball, location: 2F
1-2: Foul Ball, location: 2F
1-2: TRIPLE (Line Drive, 89XD, EV 98.8 MPH)
Batting: RHB Bobby Bricker 0-0: Called Strike
0-1: Called Strike
0-2: Ball
1-2: Ball
2-2: SINGLE (Groundball, 34D, EV 97.5 MPH)
Marcus Dawson scores
Pitching: LHP Juan Garcia
Batting: RHB Antonio Morado 0-0: Called Strike
0-1: Called Strike
Bobby Bricker is caught stealing 2nd base 2-4
0-2: Foul Ball, location: 2F
0-2: Foul Ball, location: 2F
0-2: TRIPLE (Flyball, 89XD, EV 105.6 MPH)
Batting: RHB John Savard 0-0: Called Strike
0-1: Ball
1-1: Ball
2-1: Called Strike
2-2: Strikes out swinging
Bottom of the 7th over - 1 run, 3 hits, 0 errors, 1 left on base; Daytona 2 - Potomac 2
TOP OF THE 8TH
Daytona Tortugas batting - Pitching for Potomac Nationals : LHP Manny Ruiz
Batting: RHB Ryan Short 0-0: Fly out, F8 (Flyball, 8LM, EV 88.8 MPH)
Pinch Hitting: RHB David Clough 0-0: Ball
1-0: Swinging Strike
1-1: Ground out 4-3 (Groundball, 4, EV 88.1 MPH)
Batting: RHB Dusty Pollert 0-0: Ball
1-0: Foul Ball, location: 2F
1-1: Foul Ball, location: 2F
1-2: Ground out 6-3 (Groundball, 56, EV 89.4 MPH)
Top of the 8th over - 0 runs, 0 hits, 0 errors, 0 left on base; Daytona 2 - Potomac 2
BOTTOM OF THE 8TH
Potomac Nationals batting - Pitching for Daytona Tortugas : LHP Juan Garcia
Now in CF: Brian Snyder
Batting: RHB Gabe Almazan 0-0: Ball
1-0: Foul Ball, location: 2F
1-1: Ball
2-1: Foul Ball, location: 2F
2-2: Ground out 1-3 (Groundball, 15S, EV 68.8 MPH)
Pinch Hitting: RHB Deshawn Boseman 0-0: Foul Ball, location: 2F
0-1: Called Strike
0-2: Strikes out looking
Batting: RHB Nick Moreno 0-0: Called Strike
0-1: Ball
1-1: Ground out 6-3 (Groundball, 6, EV 105.6 MPH)
Bottom of the 8th over - 0 runs, 0 hits, 0 errors, 0 left on base; Daytona 2 - Potomac 2
TOP OF THE 9TH
Daytona Tortugas batting - Pitching for Potomac Nationals : LHP Manny Ruiz
Pitching: RHP Chris Mosley
Now in LF: John Savard
Now in RF: Deshawn Boseman
Batting: LHB Keith Egan 0-0: Called Strike
0-1: Swinging Strike
0-2: Foul Ball, location: 2F
0-2: Ball
1-2: Foul Ball, location: 2F
1-2: Ground out 4-3 (Groundball, 34D, EV 103.8 MPH)
Batting: LHB Matthew Berry 0-0: Foul Ball, location: 2F
0-1: Ball
1-1: Ground out U3 (Groundball, 3, EV 84.4 MPH)
Pinch Hitting: LHB Brian Dickeson 0-0: Foul Ball, location: 2F
0-1: Ball
1-1: Ball
2-1: Swinging Strike
2-2: Ball
3-2: Foul Ball, location: 2F
3-2: Strikes out swinging
Top of the 9th over - 0 runs, 0 hits, 0 errors, 0 left on base; Daytona 2 - Potomac 2
BOTTOM OF THE 9TH
Potomac Nationals batting - Pitching for Daytona Tortugas : LHP Juan Garcia
Pitching: RHP Markus Bevan
Now in RF: R.J. Romberg
Batting: LHB Chance McWilliams 0-0: Ball
1-0: Ball
2-0: Called Strike
2-1: Ball
3-1: Ground out 4-3 (Groundball, 34, EV 86.9 MPH)
Batting: SHB Curtis DeLille 0-0: Called Strike
0-1: Called Strike
0-2: Ball
1-2: Strikes out looking
Batting: RHB Marcus Dawson 0-0: SINGLE (Line Drive, 6M, EV 96.9 MPH)
Pinch Hitting: LHB Elias Posada 0-0: Called Strike
0-1: Called Strike
Marcus Dawson steals 2nd base (no throw)
0-2: Ball
Wild Pitch!
Marcus Dawson to third
1-2: Ball
2-2: Foul Ball, location: 2F
2-2: Ball
3-2: Intentional Walk
Batting: RHB Antonio Morado 0-0: Ball
1-0: Called Strike
1-1: Ball
2-1: Foul Ball, location: 2F
2-2: Ball
3-2: Ground out 4-3 (Groundball, 4, EV 99.4 MPH)
Bottom of the 9th over - 0 runs, 1 hit, 0 errors, 2 left on base; Daytona 2 - Potomac 2
TOP OF THE 10TH
Daytona Tortugas batting - Pitching for Potomac Nationals : RHP Chris Mosley
Now at 2B: John Savard
Now in LF: Elias Posada
Batting: LHB Fernando Gomez 0-0: Ball
1-0: TRIPLE (Flyball, 8RXD, EV 88.8 MPH)
Pinch Hitting: SHB Alex Morales 0-0: Intentional Walk
Pinch Hitting: SHB Bryan Johnston 0-0: Ball
1-0: Foul Ball, location: 2F
1-1: Swinging Strike
1-2: Foul Ball, location: 2F
1-2: Reached on error, E6 (Groundball, 6, EV 105.0 MPH)
Fernando Gomez scores
Alex Morales to second
Pinch Runner at 2nd Jake Savell:
Batting: RHB Ryan Short 0-0: Bunted foul
0-1: Bunt missed!
0-2: Ground out U3 (Groundball, 34, EV 89.4 MPH)
Jake Savell to third
Bryan Johnston to second
Batting: LHB Brian Snyder 0-0: Ball
1-0: Foul Ball, location: 2F
1-1: Ground out 1-3 (Groundball, 13S, EV 66.9 MPH)
Pitching: RHP Chris Doty
Batting: RHB Dusty Pollert 0-0: Ball
1-0: Ball
2-0: Ball
3-0: SINGLE (Line Drive, 7S, EV 91.9 MPH)
Jake Savell scores
Bryan Johnston to third
Runner from 3rd tries for Home, throw by LF and OUT! 7-2
Top of the 10th over - 2 runs, 2 hits, 1 error, 1 left on base; Daytona 4 - Potomac 2
BOTTOM OF THE 10TH
Potomac Nationals batting - Pitching for Daytona Tortugas : RHP Markus Bevan
Pitching: RHP Justin Ambrose
Now at C: Mark Ortner
Now at 1B: Ben Hinman
Now at 2B: Marcus Carter
Now at SS: Ryan Short
Batting: RHB John Savard 0-0: Ground out 5-3 (Groundball, 56S, EV 84.4 MPH)
Batting: RHB Gabe Almazan 0-0: Ball
1-0: Foul Ball, location: 2F
1-1: Ball
2-1: Called Strike
2-2: Ground out 5-3 (Groundball, 5L, EV 85.0 MPH)
Batting: RHB Deshawn Boseman 0-0: Ball
1-0: Fly out, F8 (Flyball, 8RS, EV 74.4 MPH)
Bottom of the 10th over - 0 runs, 0 hits, 0 errors, 0 left on base; Daytona 4 - Potomac 2
Wednesday, June 22nd , 2022 - OOTP Baseball 23.4 Build 64